 Dungeon Crawl Stone Soup version 0.26-a0-651-gb41185065b (webtiles) character file.

Game seed: 18154321867176846996

470 kae the Ruffian (level 6, 0/47 HPs)
             Began as a Draconian Transmuter on Oct 9, 2020.
             Slain by a bullfrog skeleton (5 damage)
             ... on level 4 of the Dungeon.
             The game lasted 00:02:43 (4053 turns).

kae the Ruffian (Draconian Transmuter)              Turns: 4053, Time: 00:02:44

Health: 0/47       AC:  2    Str: 14    XL:     6   Next: 82%
Magic:  6/9        EV: 19    Int: 14    God:
Gold:   141        SH:  0    Dex: 16    Spells: 3/9 levels left

rFire    . . .     SeeInvis .     - Unarmed
rCold    . . .     Faith    .   (shield currently unavailable)
rNeg     . . .     Spirit   .   (armour unavailable)
rPois    x         Reflect  .   (helmet currently unavailable)
rElec    .         Harm     .   (cloak currently unavailable)
rCorr    .         Rampage  .   (gloves currently unavailable)
MR       .....                  (boots currently unavailable)
Stlth    +.........             (no amulet)
HPRegen  0.15/turn              (no ring)
MPRegen  0.11/turn              (no ring)

@: spider-form (expiring)
A: tiny, unfitting armour, AC +6
a: End Transformation


You were on level 4 of the Dungeon.
You were a venomous arachnid creature.
You visited 1 branch of the dungeon, and saw 4 of its levels.

You collected 141 gold pieces.

Inventory:

Hand Weapons
 b - a +0 whip (melded)
Jewellery
 g - a cursed ring of teleportation {unknown}
Wands
 i - a wand of iceblast (2)
Scrolls
 j - a scroll of identify
 k - 2 scrolls of fog
 l - a scroll of teleportation
 m - 3 scrolls of remove curse
Potions
 a - 2 potions of brilliance
 c - a potion of might {unknown}
 d - a potion of flight {unknown}
 e - a potion of berserk rage
 f - a potion of invisibility {unknown}
 h - a potion of curing {unknown}


   Skills:
 - Level 1.1 Fighting
 - Level 1.7 Dodging
 * Level 6.6 Unarmed Combat
 - Level 2.0 Spellcasting
 + Level 4.5 Transmutations


You had 3 spell levels left.
You knew the following spells:

 Your Spells              Type           Power        Failure   Level
a - Beastly Appendage     Tmut           ##....       12%         1
b - Wereblood             Tmut           ##......     16%         2
c - Spider Form           Tmut/Pois      #.........   50%         3

Your spell library contained the following spells:

 Spells                   Type           Power        Failure   Level
 Ice Form                 Ice/Tmut       #.......     85%         4
 Blade Hands              Tmut           ##........   87%         5


Dungeon Overview and Level Annotations

Branches:
Dungeon (4/15)
 Temple: D:4-7

Altars:
Hepliaklqana
Makhleb
Vehumet


Innate Abilities, Weirdness & Mutations

((Your plain brown scales are hard. (AC +6)))
You cannot fit into any form of body armour.
((You are cold-blooded and may be slowed by cold attacks.))


Message History

You barely miss the iguana. The iguana bites you!
You hit the iguana.
The iguana is poisoned.
The iguana is lightly wounded.
The iguana bites you!
* * * LOW HITPOINT WARNING * * *
You hit the iguana.
The iguana looks even sicker.
The iguana is heavily wounded.
The iguana bites you.
* * * LOW HITPOINT WARNING * * *
You bite the iguana!
You kill the iguana!
You bite the bullfrog skeleton!
The bullfrog skeleton is heavily damaged.
Your transformation is almost over.
The bullfrog skeleton misses you. The bullfrog skeleton hits you.
* * * LOW HITPOINT WARNING * * *
You hit the bullfrog skeleton.
The bullfrog skeleton is severely damaged.
The bullfrog skeleton hits you.
You die...

### ..# ..# ..# ..# ####
..############################...
..[.............sZ...........'...
...##########.################...
...# #.# #... ...# #.# #... ...#
#.# #... ...# #.# ..## ...# #.#
...# ...+ #.# ..... ...# #.#


You could see a bullfrog skeleton.

Vanquished Creatures
  A sky beast (D:2)
  An ogre (D:4)
  A scorpion (D:4)
  A hound (D:3)
  Natasha (twice) (D:3)
  An iguana (D:4)
  A hound skeleton (D:4)
  Robin (D:2)
  5 adders
  A shadow imp (D:3)
  A worm (D:3)
  3 dart slugs
  5 bats
  2 giant cockroaches
  5 goblins
  15 hobgoblins
  4 jackals (D:2)
  5 kobolds
  2 quokkas (D:2)
  2 frilled lizards (D:2)
  7 rats
66 creatures vanquished.

Notes
Turn   | Place    | Note
-------+----------+-------------------------------------------
     0 | D:1      | kae the Draconian Transmuter began the quest for the Orb.
     0 | D:1      | Reached XP level 1. HP: 16/16 MP: 3/3
   317 | D:1      | Reached XP level 2. HP: 22/23 MP: 5/5
   869 | D:1      | Reached XP level 3. HP: 23/28 MP: 4/6
  1092 | D:2      | Reached skill level 4 in Unarmed Combat
  1249 | D:2      | Found a burning altar of Makhleb.
  1551 | D:2      | Found a faded altar of an unknown god.
  1615 | D:2      | Reached XP level 4. HP: 24/35 MP: 5/7
  1853 | D:2      | Noticed Robin
  1989 | D:1      | Learned a level 2 spell: Wereblood
  1993 | D:1      | Learned a level 3 spell: Spider Form
  2003 | D:2      | Killed Robin
  2190 | D:2      | Noticed a sky beast
  2202 | D:2      | Killed a sky beast
  2202 | D:2      | Reached skill level 5 in Unarmed Combat
  2202 | D:2      | Reached XP level 5. HP: 21/40 MP: 2/8
  2346 | D:2      | Found a hazy altar of Hepliaklqana.
  2837 | D:3      | Noticed Natasha
  2845 | D:3      | Killed Natasha
  3044 | D:3      | Found a burning altar of Makhleb.
  3215 | D:3      | Reached XP level 6. HP: 47/47 MP: 9/9
  3453 | D:3      | Noticed Natasha
  3461 | D:3      | Killed Natasha
  3677 | D:4      | Found a radiant altar of Vehumet.
  3682 | D:4      | Reached skill level 6 in Unarmed Combat
  4053 | D:4      | Slain by a bullfrog skeleton

Illustrated notes

Levels and vault maps discovered:
D:1:      mrwooster_arrival_arrow, layout_basic, serial_forest,
          infiniplex_forest_lined_room_3, infiniplex_forest_lined_2,
          infiniplex_forest_clump_C, infiniplex_forest_join,
          infiniplex_forest_corner_1, infiniplex_forest_clump_C,
          infiniplex_forest_clump_small, minmay_tromino_v2
D:2:      layout_loops_ring, old_standard_altar, lemuel_coloured_pillars_altar,
          chequers_ecumenical_altar_twisty, uniq_robin
D:3:      layout_loops_ring, makhleb_heckhound_becter, uniq_natasha
D:4:      layout_basic, lemuel_crystal_altar, serial_shops,
          kennysheep_mini_moat, uniq_edmund, uniq_duvessa

Skill      XL: |  1  2  3  4  5  6 |
---------------+-------------------+-----
Unarmed Combat | 4 5 6 |  6.6
Transmutations | 3 4 |  4.5
Fighting       | |  1.1
Dodging        | |  1.7
Spellcasting   | |  2.0

Action                   |  1- 3 |  4- 6 || total
-------------------------+-------+-------++-------
Melee: Whip              |   163 |    81 ||   244
       Kick              |    10 |    11 ||    21
       Tailslap          |    10 |     6 ||    16
       Punch             |     2 |       ||     2
       Headbutt          |     9 |     7 ||    16
       Unarmed           |       |    27 ||    27
 Cast: Beastly Appendage |    14 |    14 ||    28
       Spider Form       |       |     6 ||     6
Evoke: Wand              |       |     5 ||     5
  Use: Scroll            |     3 |     6 ||     9
 Stab: Sleeping          |     1 |     1 ||     2
Armor: Skin              |    56 |    32 ||    88
Dodge: Dodged            |   134 |    85 ||   219

Table legend: (Time is in decaauts)
 A = Elapsed time spent in this place.
 B = Non-inter-level travel time spent in this place.
 C = Inter-level travel time spent in this place.
 D = Time resting spent in this place.
 E = Time spent auto-exploring this place.
 F = Levels seen in this place.
 G = Mean time per level.
                   A        B        C        D        E       F      G
               +--------+--------+--------+--------+--------+-----+--------+
         Total |   4075 |   3957 |    118 |    241 |   3097 |   4 | 1018.8 |
       Dungeon |   4075 |   3957 |    118 |    241 |   3097 |   4 | 1018.8 |
               +--------+--------+--------+--------+--------+-----+--------+

Top non-repeatable levels by time:
     D:3: 1259 daAuts
     D:1: 1216 daAuts
     D:2: 1195 daAuts
     D:4: 404 daAuts
